 Dungeon Crawl Stone Soup version 0.25-a0-435-g4b9beb1024 (webtiles) character file.

Game seed: 1300231422881309643, levelgen mode: deterministic

25398 Lugonue the Thaumaturge (level 12, -2/91 HPs)
             Began as a Demonspawn Venom Mage on Jan 27, 2020.
             Was the Champion of Cheibriados.
             Slain by an entropy weaver (11 damage)
             ... on level 12 of the Dungeon.
             The game lasted 01:11:54 (11804 turns).

Lugonue the Thaumaturge (Demonspawn Venom Mage)    Turns: 11804, Time: 01:11:54

Health: -2/91      AC: 20    Str: 24    XL:     12   Next: 89%
Magic:  0/28       EV: 20    Int: 41    God:    Cheibriados [******]
Gold:   1052       SH:  0    Dex: 32    Spells: 25/36 levels left

rFire    . . .     SeeInvis .   l - +2 quarterstaff (protect)
rCold    . . .     Gourm    .   (shield currently unavailable)
rNeg     . . .     Faith    .   y - +1 troll leather armour
rPois    .         Spirit   +   f - +0 helmet "Astryut" {Int+6 Slay-2}
rElec    .         Reflect  .   o - +0 cloak
rCorr    .         Harm     .   E - +1 pair of gloves
MR       .....                  H - +0 pair of boots
Stlth    +++.......             (no amulet)
HPRegen  0.65/turn              v - +2 ring of dexterity
MPRegen  0.42/turn              h - +1 ring of evasion

@: about to teleport, protection aura, studying Long Blades, very slow
A: hooves 2, yellow scales 1, powered by death 2, magic shield, magic
regeneration
a: Bend Time, Temporal Distortion, Slouch, Step From Time, Renounce Religion


You were on level 12 of the Dungeon.
You worshipped Cheibriados.
Cheibriados was exalted by your worship.
You were not hungry.

You visited 2 branches of the dungeon, and saw 14 of its levels.
You also visited: Ossuary and Gauntlet.

You collected 1052 gold pieces.

Inventory:

Hand Weapons
 b - a +3 falchion
 i - a +1 dagger of draining
 l - a +2 quarterstaff of protection (weapon)
 G - a +3 quarterstaff of draining
Armour
 f - the +0 helmet "Astryut" (worn) {Int+6 Slay-2}
   (You found it in a Gauntlet)

   It affects your intelligence (+6).
   It affects your accuracy and damage with ranged weapons and melee attacks
   (-2).
   If you remove this armour, your AC will fall 1 point (20 -> 19)
 o - a +0 cloak (worn)
 y - a +1 troll leather armour (worn)
 E - a +1 pair of gloves (worn)
 H - a +0 pair of boots (worn)
Magical Staves
 a - an uncursed staff of power
 w - an uncursed staff of energy
Jewellery
 h - a +1 ring of evasion (right hand)
 s - an uncursed ring of see invisible
 u - an uncursed ring of ice
 v - a +2 ring of dexterity (left hand)
Wands
 x - a wand of polymorph (10)
 B - a wand of paralysis (17)
 D - a wand of digging (7)
 F - a wand of disintegration (12)
Scrolls
 d - 7 scrolls of remove curse
 e - 2 scrolls of fog
 k - a scroll of holy word
 m - 5 scrolls of identify
 p - 2 scrolls of amnesia
 r - 6 scrolls of teleportation
 I - a scroll of vulnerability {unknown}
Potions
 g - a potion of cancellation
 j - 6 potions of brilliance
 n - a potion of flight
 q - 2 potions of lignification
 t - 2 potions of ambrosia
 z - 3 potions of mutation
Books
 C - a manual of Long Blades
Comestibles
 c - 15 rations


   Skills:
 * Level 7.2 Fighting
 - Level 2.5 Short Blades
 - Level 0.2(1.5) Long Blades
 + Level 9.3 Staves
 + Level 4.0 Armour
 + Level 6.4 Dodging
 - Level 3.0 Stealth
 - Level 0.5 Unarmed Combat
 + Level 12.8 Spellcasting
 + Level 4.5 Conjurations
 - Level 1.4 Transmutations
 + Level 3.1 Fire Magic
 - Level 0.9 Air Magic
 - Level 4.0 Poison Magic


You had 25 spell levels left.
You knew the following spells:

 Your Spells              Type           Power        Failure   Level  Hunger
a - Sting                 Tmut/Pois      ####         1%          1    None
b - Poisonous Vapours     Pois/Air       #####.       1%          2    None
c - Olgreb's Toxic Radia  Pois           ######..     2%          4    None
d - Foxfire               Conj/Fire      ####         1%          1    None
e - Mephitic Cloud        Conj/Pois/Air  ######..     1%          3    None

Your spell library contained the following spells:

 Spells                   Type           Power        Failure   Level  Hunger
 Animate Skeleton         Necr           N/A          1%          1    None
 Apportation              Tloc           ####..       1%          1    None
 Corona                   Hex            ####...      1%          1    None
 Summon Small Mammal      Summ           ####         1%          1    None
 Corpse Rot               Necr/Air       N/A          1%          2    None
 Ensorcelled Hibernation  Hex/Ice        ####..       1%          2    None
 Sublimation of Blood     Necr           ####......   1%          2    None
 Ignite Poison            Fire/Tmut/Pois ######..     1%          3    None
 Fireball                 Conj/Fire      ######....   8%          5    None
 Irradiate                Conj/Tmut      ######....   11%         5    None
 Cause Fear               Hex            ####......   14%         4    None
 Dispel Undead            Necr           ####....     14%         4    None
 Agony                    Necr           ####....     36%         5    None
 Excruciating Wounds      Chrm/Necr      ####......   36%         5    None
 Metabolic Englaciation   Hex/Ice        ####......   36%         5    None
 Freezing Cloud           Conj/Ice/Air   #####.....   69%         6    ##.....
 Hydra Form               Tmut           #####.....   75%         6    ##.....
 Statue Form              Tmut/Erth      ####.....    83%         6    ##.....
 Dragon Form              Tmut           #####.....   99%         7    ####...
 Dragon's Call            Summ           ####......   100%        9    #######


Dungeon Overview and Level Annotations

Branches:
Dungeon (12/15)            Temple (0/1) D:4            Lair (0/6) D:10
    Orc (2/2) D:10        Ossuary (visited)         Gauntlet (visited)
    Elf: Orc:2

Altars:
Cheibriados
Dithmenos
Elyvilon
Fedhas
Gozag
Kikubaaqudgha
Makhleb
Nemelex Xobeh
Okawaru
Qazlal
Ru
Xom
Beogh

Shops:
D:5 ?   Orc:1 *

Annotations:
D:5 2 transporters, LostGamesStreakFreak's ghost, novice GrEE
D:10 2 runed translucent doors
D:12 3 runed translucent doors, Karim's ghost, journeyman GnCj
Orc:2 Erolcha


Innate Abilities, Weirdness & Mutations

You have hoof-like feet.
You are partially covered in yellow scales. (AC +2)
You regenerate health from kills.
When hurt, damage is shared between your health and your magic reserves.
You regenerate magic rapidly.


Message History

The entropy weaver completely misses you.
Okay, then.
Unknown command.
Okay, then.
Unknown command.
Casting: Sting (safe; 1% risk of failure)
Confirm with . or Enter, or press ? or * to list all spells.
Okay, then.
Unknown command.
Casting: Sting (safe; 1% risk of failure)
Confirm with . or Enter, or press ? or * to list all spells.
You don't know that spell.
Unknown command.
Unknown command.
Casting: Sting (safe; 1% risk of failure)
Confirm with . or Enter, or press ? or * to list all spells.
Okay, then.
As you read the scroll of teleportation, it crumbles to dust.
You feel strangely unstable. The entropy weaver hits you!
You die...

########################
#............#.÷.......#
#............#†#######.#
#............#.#,,,,,#÷#
#............#.#,***,#.#
###............#÷#,*,*,#†#
...............#@#,*,*,#.#
.........^.....#a#,*,*,#.#
...............#.#,*,*,#.#
...............#.#,*,*,#.#
...##'###......#÷#,,,*,#÷#
...#....#......#.#****,#.#
...#....#......#..,,,,,#.#
...#....#.....^#########.#
...#....#......'.......†.#


You could see an entropy weaver.

Vanquished Creatures
  2 entropy weavers (D:12)
  A minotaur (Gauntlet)
  A great orb of eyes (Gauntlet)
  A hydra (D:12)
  A two-headed ogre (D:9)
  A tengu warrior (D:12)
  Urug (D:10)
  4 fire crabs (D:12)
  An unseen horror (D:12)
  An orc knight (Orc:1)
  5 ugly things
  A smoke demon (Gauntlet)
  A rust devil (Gauntlet)
  Maurice (D:10)
  Joseph (D:10)
  A centaur skeleton (D:12)
  Maggie (D:10)
  A komodo dragon (D:12)
  4 trolls
  A red devil (Gauntlet)
  2 hornets (D:8)
  4 hippogriffs
  A ynoxinul (Gauntlet)
  A wraith (D:12)
  2 hogs (D:9)
  A wyvern (D:9)
  11 yaks
  A steam dragon (D:12)
  A human (D:9)
  2 hungry ghosts
  4 vampire mosquitoes (D:11)
  A warg (Orc:1)
  2 porcupines (D:10)
  14 orc warriors
  6 sky beasts
  6 ogres
  3 necrophages
  5 ice beasts
  4 phantoms
  A centaur (D:11)
  2 crocodiles (D:10)
  8 bullfrogs
  A wyvern skeleton (D:11)
  6 scorpions
  6 killer bees (D:8)
  3 howler monkeys
  7 crimson imps
  3 centaur zombies
  8 jellies
  3 quasits
  2 hounds
  5 orc priests
  4 bullfrog skeletons
  2 iron imps (Gauntlet)
  8 orc wizards
  8 worker ants
  2 hound zombies
  A hound skeleton (D:9)
  A worker ant zombie (D:5)
  8 gnolls
  13 adders
  2 shadow imps
  An adder skeleton (D:10)
  3 worms
  8 leopard geckos
  65 orcs
  8 bats
  8 giant cockroaches
  5 goblins
  8 hobgoblins
  5 jackals
  6 quokkas
  2 ball pythons
  7 frilled lizards
  6 kobolds
  A quokka skeleton (D:2)
  A quokka zombie (D:8)
  10 rats
350 creatures vanquished.

Vanquished Creatures (others)
  209 foxfires
  21 fungi (D:10)
  11 plants (D:10)
241 creatures vanquished.

Grand Total: 591 creatures vanquished

Notes
Turn   | Place    | Note
-------+----------+-------------------------------------------
     0 | D:1      | Lugonue the Demonspawn Venom Mage began the quest for the
                  | Orb.
     0 | D:1      | Reached XP level 1. HP: 13/13 MP: 3/3
   196 | D:1      | Gained mutation: You regenerate a little health from kills.
                  | [demonic ancestry]
   196 | D:1      | Reached XP level 2. HP: 15/19 MP: 1/5
   617 | D:2      | Gained mutation: You are partially covered in yellow
                  | scales. (AC +2) [demonic ancestry]
   617 | D:2      | Reached XP level 3. HP: 13/24 MP: 4/6
   641 | D:2      | Learned a level 2 spell: Poisonous Vapours
   644 | D:2      | Reached skill level 1 in Transmutations
   742 | D:2      | Reached skill level 1 in Short Blades
  1109 | D:2      | Reached XP level 4. HP: 31/31 MP: 5/7
  1198 | D:2      | Found a snail-covered altar of Cheibriados.
  1199 | D:2      | Found a white marble altar of Elyvilon.
  1425 | D:2      | Found an ancient bone altar of Kikubaaqudgha.
  1427 | D:2      | Found a blossoming altar of Fedhas.
  1428 | D:2      | Found an opulent altar of Gozag.
  1431 | D:2      | Found a shadowy altar of Dithmenos.
  1582 | D:2      | Learned a level 3 spell: Ignite Poison
  1964 | D:2      | Became a worshipper of Cheibriados the Contemplative
  2631 | D:3      | Gained mutation: You have large cloven feet. [demonic
                  | ancestry]
  2631 | D:3      | Reached XP level 5. HP: 36/36 MP: 8/8
  2744 | D:4      | Reached * piety under Cheibriados
  2778 | D:4      | Reached skill level 1 in Fighting
  2964 | D:4      | Noticed a phantom
  3005 | D:4      | Killed a phantom
  3005 | D:4      | Reached skill level 3 in Spellcasting
  3005 | D:4      | Reached XP level 6. HP: 24/43 MP: 10/10
  3030 | D:4      | Found a staircase to the Ecumenical Temple.
  3266 | D:5      | Entered Level 5 of the Dungeon
  3277 | D:5      | Found a sand-covered staircase.
  3286 | Ossuary  | Entered an ossuary
  3357 | D:5      | Got a steaming ring mail
  3387 | D:5      | Found a transporter.
  3391 | D:5      | Noticed LostGamesStreakFreak's ghost (novice GrEE)
  3503 | D:5      | Found Tuoremuso's Magic Scroll Boutique.
  3587 | D:5      | Reached skill level 1 in Staves
  3924 | D:5      | Learned a level 1 spell: Foxfire
  3946 | D:5      | Gained mutation: You have hoof-like feet. [demonic
                  | ancestry]
  3946 | D:5      | Reached XP level 7. HP: 46/48 MP: 12/12
  4176 | D:5      | Found a transporter.
  4255 | D:6      | Reached ** piety under Cheibriados
  4713 | D:6      | Reached skill level 5 in Staves
  4736 | D:6      | Gained mutation: When hurt, damage is shared between your
                  | health and your magic reserves. [demonic ancestry]
  4736 | D:6      | Reached XP level 8. HP: 43/54 MP: 13/13
  4892 | D:6      | Learned a level 3 spell: Mephitic Cloud
  5222 | D:7      | Reached *** piety under Cheibriados
  5222 | D:7      | Reached skill level 4 in Spellcasting
  5237 | D:7      | Found a stormy altar of Qazlal.
  5339 | D:7      | Found a burning altar of Makhleb.
  5340 | D:7      | Found a shimmering altar of Xom.
  5391 | D:7      | Reached skill level 5 in Spellcasting
  5391 | D:7      | Reached skill level 1 in Conjurations
  5735 | D:7      | Reached skill level 1 in Fire Magic
  5735 | D:7      | Reached XP level 9. HP: 61/61 MP: 17/17
  5912 | D:8      | Found a sacrificial altar of Ru.
  5972 | D:8      | Reached skill level 6 in Spellcasting
  6042 | D:8      | Learned a level 4 spell: Olgreb's Toxic Radiance
  6186 | D:8      | Reached skill level 7 in Spellcasting
  6369 | D:8      | Reached **** piety under Cheibriados
  6816 | D:9      | Found a sparkling altar of Nemelex Xobeh.
  6856 | D:9      | Noticed a troll
  6868 | D:9      | Killed a troll
  6868 | D:9      | Reached skill level 8 in Spellcasting
  6868 | D:9      | Reached XP level 10. HP: 55/70 MP: 15/22
  7317 | D:9      | Reached skill level 9 in Spellcasting
  7333 | D:9      | Noticed a two-headed ogre
  7345 | D:9      | Killed a two-headed ogre
  7388 | D:9      | Found a burning altar of Makhleb.
  7475 | D:9      | Reached ***** piety under Cheibriados
  7638 | D:10     | Entered Level 10 of the Dungeon
  7739 | D:10     | Noticed Urug
  7758 | D:10     | Killed Urug
  7758 | D:10     | Reached skill level 10 in Spellcasting
  7976 | D:10     | Noticed Joseph
  7989 | D:10     | Killed Joseph
  8044 | D:10     | Noticed Maurice
  8062 | D:10     | Killed Maurice
  8062 | D:10     | Gained mutation: You regenerate health from kills. [demonic
                  | ancestry]
  8062 | D:10     | Reached XP level 11. HP: 71/77 MP: 2/25
  8089 | D:10     | Found a staircase to the Lair.
  8492 | D:10     | Found a staircase to the Orcish Mines.
  8614 | Orc:1    | Entered Level 1 of the Orcish Mines
  8614 | Orc:1    | Found a roughly hewn altar of Beogh.
  8667 | Orc:1    | Found Bidolyts's Assorted Antiques.
  8895 | Orc:2    | Entered Level 2 of the Orcish Mines
  8895 | Orc:2    | Found a roughly hewn altar of Beogh.
  8897 | Orc:2    | Noticed an orc knight
  8935 | Orc:2    | Noticed Erolcha
  8937 | Orc:2    | Reached ****** piety under Cheibriados
  8937 | Orc:2    | Reached skill level 11 in Spellcasting
  8941 | Orc:1    | Reached skill level 1 in Armour
  9058 | Orc:1    | Killed an orc knight
  9058 | Orc:1    | Reached skill level 5 in Dodging
  9177 | D:10     | Noticed Maggie
  9194 | D:10     | Killed Maggie
  9239 | D:10     | Found a large runed translucent door.
  9239 | D:10     | Found a large runed translucent door.
  9359 | D:11     | Noticed a white ugly thing
  9367 | D:11     | HP: 2/78 [white ugly thing (10)]
  9788 | D:11     | Noticed a brown ugly thing
  9800 | D:11     | Killed a brown ugly thing
  9868 | D:11     | Noticed a purple ugly thing
  9884 | D:11     | Killed a purple ugly thing
 10042 | D:11     | Killed a white ugly thing
 10284 | D:12     | Noticed a cyan ugly thing
 10299 | D:12     | Killed a cyan ugly thing
 10339 | D:12     | Found a frozen archway.
 10340 | D:12     | Noticed a tengu warrior
 10357 | D:12     | Found a gate leading to a gauntlet.
 10367 | Gauntlet | Entered a Gauntlet
 10367 | Gauntlet | Found a transporter.
 10371 | Gauntlet | Found a transporter.
 10372 | Gauntlet | Found a transporter.
 10386 | Gauntlet | Found a transporter.
 10388 | Gauntlet | Found a transporter.
 10394 | Gauntlet | Noticed a purple ugly thing
 10395 | Gauntlet | Found a runed translucent gate.
 10395 | Gauntlet | Found a runed translucent gate.
 10395 | Gauntlet | Noticed a great orb of eyes
 10398 | Gauntlet | Found a runed translucent gate.
 10398 | Gauntlet | Found a transporter.
 10414 | Gauntlet | Found a transporter.
 10419 | Gauntlet | Found a transporter.
 10428 | Gauntlet | Noticed an obsidian statue
 10431 | Gauntlet | Found a transporter.
 10436 | Gauntlet | Found a transporter.
 10442 | Gauntlet | Noticed a five-headed hydra
 10458 | Gauntlet | Found a transporter.
 10458 | Gauntlet | Found a transporter.
 10488 | Gauntlet | Found a transporter.
 10507 | Gauntlet | Noticed a wizard
 10509 | Gauntlet | Noticed a wizard
 10512 | Gauntlet | Found a transporter.
 10520 | Gauntlet | Noticed a catoblepas
 10585 | Gauntlet | Reached skill level 5 in Fighting
 10700 | Gauntlet | Gained mutation: You regenerate magic rapidly. [demonic
                  | ancestry]
 10700 | Gauntlet | Reached XP level 12. HP: 60/86 MP: 12/27
 10782 | Gauntlet | Killed a great orb of eyes
 10782 | Gauntlet | Reached skill level 12 in Spellcasting
 10784 | Gauntlet | Got an ichor-stained helmet
 10790 | Gauntlet | Identified the +0 helmet "Astryut" {Int+6 Slay-2} (You
                  | found it in a Gauntlet)
 10821 | Gauntlet | Identified the +8 shortbow "Aruivok" {vorpal, rElec Str+2}
 10821 | Gauntlet | Noticed a minotaur
 10823 | Gauntlet | Killed a minotaur
 10829 | Gauntlet | Identified the Compendium of the Scorching Snowflakes
 10851 | D:12     | Killed a tengu warrior
 10914 | D:12     | Noticed a four-headed hydra
 10930 | D:12     | Killed a four-headed hydra
 11033 | D:12     | Found a runed translucent door.
 11129 | D:12     | Found a runed translucent gate.
 11129 | D:12     | Found a runed translucent gate.
 11129 | D:12     | Found a runed translucent gate.
 11130 | D:12     | Noticed a tengu warrior
 11130 | D:12     | Noticed Karim's ghost (journeyman GnCj)
 11570 | D:12     | Found an iron altar of Okawaru.
 11627 | D:12     | Noticed an entropy weaver
 11646 | D:12     | Killed an entropy weaver
 11732 | D:12     | Noticed an entropy weaver
 11751 | D:12     | Killed an entropy weaver
 11785 | D:12     | Noticed an entropy weaver
 11804 | D:12     | Slain by an entropy weaver

Levels and vault maps discovered:
D:1:      elethiomel_arrival_shortcut, layout_rooms
D:2:      kennysheep_six_static_rooms, layout_basic,
          amethyst_overflow_temple_binary, minitemple, first_ration,
          chequers_decorated_corner
D:3:      layout_basic, minmay_fractal_squares_diagonal_5
D:4:      layout_cave_pools, minmay_temple_entry_trees
D:5:      layout_loops_ring, gammafunk_ghost_stat_death, enter_ossuary_3,
          kennysheep_small_circle
D:6:      layout_cave_pools
D:7:      layout_gridville, grunt_temple_overflow_champion_of_chaos,
          grunt_qazlal_clouds
D:8:      layout_cave_pods, nicolae_ru_awakened_eye
D:9:      layout_cross, overflow_temple_1_default, grunt_livestock,
          minmay_curled_crystal, makhleb_blood_cavern_becter
D:10:     layout_long_grid, due_lair_maze_entry_diamond, hiddenorc1_lemuel,
          lightli_elemental_guards, uniq_maggie, uniq_joseph, uniq_urug,
          uniq_maurice
D:11:     layout_long_grid, patterned_corridor
D:12:     gammafunk_mikee_crab_dinner, layout_gridville,
          gammafunk_ghost_fury_of_okawaru, portal_ice_cave_entry_pillars_2,
          gauntlet_entry_generic
Orc:1:    layout_diamond_mine, nicolae_volcano_entry_vermiform, serial_shops,
          shop, mines2_david
Orc:2:    st_orc_rangers, layout_diamond_mine, serial_shops,
          nicolae_shop_crystal, shop, shop, shop, shop, mines2_david,
          uniq_erolcha

Skill      XL: |  1  2  3  4  5  6  7  8  9 10 11 12 |
---------------+-------------------------------------+-----
Stealth        | 2 3 |  3.0
Dodging        | 2 3 4 5 6 |  6.4
Transmutations | 1 |  1.4
Short Blades   | 1 2 |  2.5
Fighting       | 1 2 3 4 5 7 |  7.2
Spellcasting   | 3 5 8 10 11 12 | 12.8
Poison Magic   | 4 |  4.0
Staves         | 1 5 6 7 8 9 |  9.3
Conjurations   | 1 2 4 |  4.5
Fire Magic     | 1 2 3 |  3.1
Armour         | 2 4 |  4.0
Long Blades    | |  0.2
Unarmed Combat | |  0.5
Air Magic      | |  0.9

Action                   |  1- 3 |  4- 6 |  7- 9 | 10-12 || total
-------------------------+-------+-------+-------+-------++-------
Melee: Unarmed           |    15 |       |       |    13 ||    28
       Short sword       |    42 |       |       |       ||    42
       Dagger            |    52 |   163 |       |       ||   215
       Kick              |       |    50 |    67 |   211 ||   328
       Falchion          |       |    18 |       |       ||    18
       Staff             |       |    58 |   161 |    62 ||   281
       Quarterstaff      |       |       |       |   351 ||   351
Throw: Throwing net      |       |     2 |       |       ||     2
 Cast: Sting             |    23 |    18 |    36 |   101 ||   178
       Poisonous Vapours |       |    17 |   101 |   167 ||   285
       Foxfire           |       |     3 |    56 |    61 ||   120
       Ignite Poison     |       |       |     3 |       ||     3
       Mephitic Cloud    |       |       |     4 |    20 ||    24
       Olgreb's Toxic Ra |       |       |       |    13 ||    13
  Use: Scroll            |     1 |    11 |     5 |    16 ||    33
       Potion            |       |     1 |     7 |     6 ||    14
 Stab: Sleeping          |     3 |     6 |     1 |       ||    10
       Held in net/web   |       |     1 |       |       ||     1
       Confused          |       |       |     3 |    18 ||    21
       Distracted        |       |       |       |     1 ||     1
  Eat: Chunk             |     1 |     6 |     2 |     4 ||    13
       Ration            |       |     1 |     1 |     2 ||     4
Armor: Robe              |    28 |    58 |    42 |    14 ||   142
       Skin              |       |       |       |     1 ||     1
       Troll leather arm |       |       |       |   137 ||   137
Dodge: Dodged            |    71 |   183 |   173 |   455 ||   882
       Rpst.: Falchion   |       |     2 |       |       ||     2

Table legend:
 A = Non-vault XP
 B = Vault XP
 C = Vault XP percentage of total XP
 D = Non-vault monster count
 E = Vault monster count
 F = Vault count percentage of total count
                 A         B        C        D         E       F
            +---------+---------+-------+---------+---------+-------
      Total |   21408 |   14876 |  41.0 |     270 |      80 |  22.9
            +---------+---------+-------+---------+---------+-------
        D:1 |      28 |       0 |   0.0 |      19 |       0 |   0.0
        D:2 |      93 |      36 |  27.9 |      30 |       6 |  16.7
        D:3 |      16 |      25 |  61.0 |       8 |       9 |  52.9
        D:4 |     350 |       0 |   0.0 |      17 |       0 |   0.0
        D:5 |      96 |      96 |  50.0 |       7 |       2 |  22.2
        D:6 |    1048 |       0 |   0.0 |      28 |       0 |   0.0
        D:7 |    1105 |      50 |   4.3 |      14 |       1 |   6.7
        D:8 |    2186 |       0 |   0.0 |      25 |       0 |   0.0
        D:9 |    2478 |    1073 |  30.2 |      21 |       7 |  25.0
       D:10 |     827 |    3263 |  79.8 |      14 |      30 |  68.2
       D:11 |    4151 |       0 |   0.0 |      28 |       0 |   0.0
       D:12 |    6627 |    5718 |  46.3 |      26 |       6 |  18.8
      Orc:1 |    1747 |     139 |   7.4 |      22 |       3 |  12.0
      Orc:2 |     656 |       9 |   1.4 |      11 |       3 |  21.4
   Gauntlet |       0 |    4467 | 100.0 |       0 |      13 | 100.0
            +---------+---------+-------+---------+---------+-------
